 Dungeon Crawl Stone Soup version 0.14.1-26-g5a19342 (webtiles) character file.

337 Kae the Basher (level 5, -1/45 HPs)
             Began as a Minotaur Berserker on July 24, 2014.
             Was a Priest of Trog.
             Slain by a wyvern (7 damage)
             ... on Level 3 of the Dungeon.
             The game lasted 00:02:23 (2570 turns).

Kae the Basher (Minotaur Berserker)                 Turns: 2570, Time: 00:02:23

HP  -1/45        AC  2     Str 22      XL: 5   Next: 84%
MP   2/2         EV 12     Int  5      God: Trog [***...]
Gold 92          SH  0     Dex  9      Spells:  0 memorised,  4 levels left

rFire  . . .     SeeInvis .     a - +0 mace
rCold  . . .     Clarity  .     b - +0 animal skin
rNeg   . . .     Conserve .     (no shield)
rPois  .         rCorr    .     (helmet restricted)
rElec  .         rRot     .     (no cloak)
SustAb . .       Spirit   .     (no gloves)
rMut   .         Warding  .     (no boots)
Saprov . . .     Stasis   .     (no amulet)
MR     ++...                    (no ring)
                                (no ring)

@: regenerating, flying, very resistant to hostile enchantments, very unstealthy
A: retaliatory headbutt, horns 2
a: Burn Spellbooks, Berserk, Trog's Hand, Renounce Religion


You were on level 3 of the Dungeon.
You worshipped Trog.
Trog was most pleased with you.
You were hungry.

You visited 1 branch of the dungeon, and saw 3 of its levels.
You also visited: Sewer.

You collected 92 gold pieces.

Inventory:

Hand weapons
 a - a +0,+0 mace (weapon)
Armour
 b - a +0 animal skin (worn)
Comestibles
 c - 4 bread rations
 f - a meat ration
 r - an apple
 s - a rotting chunk of rat flesh
Scrolls
 d - a scroll of enchant weapon II {unknown}
 e - 2 scrolls of remove curse {unknown}
 j - 2 scrolls of immolation {unknown}
 k - 2 scrolls of noise {unknown}
 m - a scroll of blinking {unknown}
 n - a scroll of magic mapping {unknown}
 p - a scroll of enchant weapon I {unknown}
 q - a scroll of identify {unknown}
Potions
 g - a potion of curing {unknown}
 h - 9 potions of flight
 i - 2 potions of magic {unknown}
 l - a potion of haste {unknown}
 o - a potion of might {unknown}


   Skills:
 - Level 3.6 Fighting
 * Level 8.0 Maces & Flails
 - Level 2.4 Armour
 - Level 2.1 Dodging


You had 4 spell levels left.
You didn't know any spells.

Dungeon Overview and Level Annotations

Branches:
Dungeon (3/15)

Altars:


Innate Abilities, Weirdness & Mutations

You reflexively headbutt those who attack you in melee.
You have a pair of horns on your head.


Message History

A wyvern is nearby!
You offer a prayer to Trog.
Trog is most pleased with you.
A wyvern is nearby!
Use which ability? (? or * to list)
Your skin crawls.
You feel resistant to hostile enchantments.
You feel slightly more hungry. The wyvern bites you!
You hit the wyvern but do no damage. Your headbutt misses the wyvern.
The wyvern barely misses you.
You completely miss the wyvern. The wyvern bites you! The wyvern bites you!
* * * LOW HITPOINT WARNING * * *
You are too injured to fight recklessly!
You are too injured to fight recklessly!
You are too injured to fight recklessly!
You are too injured to fight recklessly!
Drink which item? (? for menu, Esc to quit)
You feel very buoyant.
You fly up into the air.
It was a potion of flight.
The wyvern bites you!
You die...

#.#.#.########### #....#
#.#.#...........# #....#
#.#.###########.# #....#
#.#.# #.# #..... .#.#
#.####..... ....
#.......... .....
###<....###
.......##########.###.# #
.......D@........)....###
...=...#####......###....
..... ######## ##### ....
###


You could see a wyvern.

Vanquished Creatures
  Purgy (Sewer)
  A big fish (Sewer)
  5 adders
  A shadow imp (D:3)
  A worm (D:2)
  A giant gecko (D:1)
  5 orcs (D:3)
  5 goblins
  8 hobgoblins
  A jackal (D:3)
  7 kobolds
  2 quokkas
  2 ball pythons
  12 bats
  2 giant cockroaches
  7 giant newts
  8 rats
69 creatures vanquished.

Notes
Turn   | Place    | Note
--------------------------------------------------------------
     0 | D:1      | Kae, the Minotaur Berserker, began the quest for the Orb.
     0 | D:1      | Reached XP level 1. HP: 19/19 MP: 1/1
    30 | D:1      | Reached skill level 4 in Maces & Flails
    92 | D:1      | Reached XP level 2. HP: 21/26 MP: 1/1
   402 | D:1      | Acquired Trog's second power
   461 | D:1      | Reached skill level 5 in Maces & Flails
   639 | D:2      | Reached XP level 3. HP: 10/31 MP: 2/2
  1417 | D:3      | Found a glowing drain.
  1462 | D:3      | Reached XP level 4. HP: 36/39 MP: 2/2
  1502 | Sewer    | Entered a sewer
  1611 | Sewer    | Reached skill level 6 in Maces & Flails
  1703 | Sewer    | Noticed Purgy
  1709 | Sewer    | Killed Purgy
  1709 | Sewer    | Reached skill level 7 in Maces & Flails
  1709 | Sewer    | Reached XP level 5. HP: 45/45 MP: 2/2
  2303 | D:3      | Reached skill level 8 in Maces & Flails
  2566 | D:3      | Noticed a wyvern
  2570 | D:3      | Slain by a wyvern

Action                   |  1- 3 |  4- 6 || total
-------------------------+-------+-------++-------
Melee: Mace              |    79 |    77 ||   156
Invok: Trog's Hand       |     1 |     1 ||     2
       Berserk           |       |     1 ||     1
  Use: Potion            |       |     1 ||     1
 Stab: Sleeping          |     1 |       ||     1
